AoeStats
← Pandoo

Black Forest

505102186Analyzed
2v2 RM · 26d ago on Sep 7, 2026· 41m 31s· 4 players
Game mode
Random Map
Map size
Medium (4 player)
Population
200
Speed
Normal
Resources
Standard
Victory
Conquest
Starting age
Dark Age
Ending age
Imperial Age
RankedLock teamsTeams togetherTeam positionsShared explorationLock speedFull tech treeHidden civsTurbo modeCheats
Victory
Defeat
🇩🇪 Persians · Germany
1148
+15
🇺🇸 Bohemians · United States
1130
+15
🇮🇹 Malians · Italy
1127
-15
🇮🇹 Khmer · Italy
1115
-15
riccardog92
0:57 Loom
12:42 Feudal Age
17:09 Castle Age
15:16 Double-Bit Axe
17:12 Horse Collar
19:01 Wheelbarrow
20:35 Fletching
22:31 Forging
23:32 Heavy Plow
27:54 Bloodlines
28:29 Devotion
28:32 Husbandry
30:57 Gold Mining
32:51 Scale Barding Armor
35:26 Imperial Age
34:35 Fortified Wall
34:57 Bow Saw
35:39 Iron Casting
35:01 Bodkin Arrow
36:06 Masonry
37:02 Hand Cart
37:18 Conscription
38:26 Chemistry
37:37 Double Crossbow
37:37 Light Cavalry
38:35 Town Watch
39:51 Ballistics
41:05 Bracer
42:06 Blast Furnace
Cekkaaaaaaaa
8:12 Loom
10:12 Feudal Age
10:23 Man-at-Arms
17:08 Fletching
18:37 Wheelbarrow
21:20 Castle Age
19:37 Double-Bit Axe
20:37 Stone Mining
21:07 Horse Collar
21:25 Gold Mining
24:36 Bow Saw
25:39 Forging
25:29 Scale Mail Armor
28:08 Town Watch
29:15 Squires
29:01 Arson
34:06 Gold Shaft Mining
34:03 Sanctity
33:54 Fervor
38:28 Imperial Age
37:02 Scale Barding Armor
37:05 Bodkin Arrow
37:44 Bloodlines
FunMeh
8:07 Loom
10:46 Feudal Age
15:23 Castle Age
14:08 Double-Bit Axe
18:14 Horse Collar
22:01 Wheelbarrow
23:00 Bow Saw
23:43 Scale Barding Armor
24:09 Forging
24:37 Hand Cart
25:16 Bloodlines
25:37 Husbandry
28:23 Iron Casting
28:20 Gold Mining
29:24 Chain Barding Armor
29:59 Fletching
30:36 Bodkin Arrow
35:40 Imperial Age
33:57 Caravan
36:38 Plate Barding Armor
37:03 Blast Furnace
35:24 Cavalier
36:47 Padded Archer Armor
37:30 Conscription
38:34 Chemistry
37:12 Savar
39:34 Elite War Elephant
Pandoo
3:24 Loom
12:37 Feudal Age
14:54 Wheelbarrow
17:14 Castle Age
15:20 Double-Bit Axe
15:16 Horse Collar
22:37 Sanctity
23:29 Heavy Plow
29:08 Hand Cart
28:38 Town Watch
28:59 Fletching
29:22 Forging
29:45 Town Patrol
30:52 Bodkin Arrow
30:19 Pikeman
30:45 Arson
35:01 Imperial Age
34:27 Chemistry
33:48 Ballistics
33:38 Fortified Wall
33:49 Squires
34:03 Redemption
35:08 Iron Casting
34:34 Scale Mail Armor
35:28 Caravan
35:50 Hussite Reforms
36:06 Conscription
36:55 Block Printing
37:17 Theocracy
37:10 Illumination
36:46 Devotion
36:43 Herbal Medicine
36:53 Halberdier
39:56 Houfnice
Connection lost

Rejoining the realm…

Still unreachable

The connection could not be restored.

Session expired

The server has moved on; the page needs a fresh start.